 Dungeon Crawl Stone Soup version 0.26.1-11-gd32895ea62 (webtiles) character file.

Game seed: 13213378219149306946

914 Brecoman the Digger (level 8, -1/41 HPs)
             Began as a Gargoyle Earth Elementalist on June 19, 2021.
             Was an Initiate of Ru.
             Slain by Duvessa
             ... wielding a +0 rapier of freezing
              (5 damage)
             ... on level 4 of the Dungeon on June 24, 2021.
             The game lasted 00:31:13 (5566 turns).

Brecoman the Digger (Gargoyle Earth Elementalist)   Turns: 5566, Time: 00:31:14

Health: -1/41      AC: 13    Str: 14    XL:     8   Next: 9%
Magic:  8/14       EV: 12    Int: 16    God:    Ru [......]
Gold:   123        SH:  0    Dex: 10    Spells: 8/15 levels left

rFire    . . .     SeeInvis .   s - +3 flail (protect)
rCold    . . .     Faith    .   (no shield)
rNeg     + + .     Spirit   .   f - +2 robe {rN+}
rPois    ∞         Reflect  .   x - +2 hat
rElec    +         Harm     .   (no cloak)
rCorr    .         Rampage  .   w - +1 pair of gloves
Will     .....                  (no boots)
Stlth    ..........             (no amulet)
HPRegen  0.13/turn              (no ring)
MPRegen  0.14/turn              (no ring)

@: no status effects
A: negative energy resistance 1, electricity resistance, unbreathing,
petrification resistance, miasma immunity, no stealth, AC +5
a: Renounce Religion


You were on level 4 of the Dungeon.
You worshipped Ru.
Ru was noncommittal.
You visited 1 branch of the dungeon, and saw 4 of its levels.
You also visited: Ossuary.

You collected 123 gold pieces.

Inventory:

Hand Weapons
 b - a +0 short sword
 s - a +3 flail of protection (weapon)
Armour
 f - a +2 robe of positive energy (worn)
 w - a +1 pair of gloves (worn)
 x - a +2 hat (worn)
 y - a +0 leather armour
Jewellery
 d - an uncursed ring of ice {unknown}
Scrolls
 c - a scroll of amnesia
 e - a scroll of magic mapping
 p - 3 scrolls of fear
 q - 2 scrolls of teleportation
 t - 4 scrolls of random uselessness
Potions
 a - a potion of lignification {unknown}
 g - 2 potions of haste
 h - a potion of magic {unknown}
 i - 3 potions of berserk rage
 k - a potion of mutation
 m - 4 potions of invisibility
 o - a potion of might
 u - a potion of attraction
 v - a potion of heal wounds
 z - a potion of flight
 A - a potion of curing
 B - a potion of brilliance


   Skills:
 + Level 0.2 Fighting
 + Level 3.2 Maces & Flails
 - Level 1.8 Dodging
 + Level 4.2 Spellcasting
 + Level 3.9 Conjurations
 + Level 2.6 Necromancy
 - Level 1.3 Transmutations
 - Level 6.2 Earth Magic


You had 8 spell levels left.
You knew the following spells:

 Your Spells              Type           Power        Failure   Level
a - Sandblast             Erth           46%          1%          1
b - Passwall              Tmut/Erth      12%          5%          2
c - Stone Arrow           Conj/Erth      38%          6%          3
d - Animate Skeleton      Necr           22%          5%          1

Your spell library contained the following spells:

 Spells                   Type           Power        Failure   Level
 Apportation              Tloc           6%           17%         1
 Corona                   Hex            3%           17%         1
 Summon Small Mammal      Summ           12%          17%         1
 Petrify                  Tmut/Erth      15%          34%         4
 Lee's Rapid Deconstruct  Erth           11%          34%         5


Dungeon Overview and Level Annotations

Branches:
Dungeon (4/15)            Ossuary (visited)
 Temple: D:4-7

Altars:
Ashenzari
Fedhas
Ru
Wu Jian

Shops:
D:4 [

Annotations:
D:3 1 runed translucent door, Brecoman's ghost, amateur DrFE
D:4 Duvessa


Innate Abilities, Weirdness & Mutations

You are resistant to torment.
Your stone body is resilient. (AC +5)
You are immune to poison.
You resist negative energy. (rN+)
You are resistant to electric shocks. (rElec)
You can survive without breathing.
You are immune to petrification.
You are immune to miasma.
You cannot be stealthy.


Message History

Aim: Duvessa, wielding a +0 rapier of freezing, wearing a +0 leather armour and carrying a wand of polymorph (7) (berserk, 28% to evade)
The stone arrow hits Duvessa!
Duvessa is lightly wounded.
Duvessa hits you with a +0 rapier of freezing!
Duvessa freezes you.
Casting: Stone Arrow (dangerous; 6% risk of failure)
Confirm with . or Enter, or press ? or * to list all spells.
Aiming: Stone Arrow (dangerous; 6% risk of failure)
Press: ? - help, Shift-Dir - straight line, f/p - Duvessa
Aim: Duvessa, wielding a +0 rapier of freezing, wearing a +0 leather armour and carrying a wand of polymorph (7) (lightly wounded, berserk, 28% to evade)
The stone arrow misses Duvessa.
Duvessa hits you with a +0 rapier of freezing!
Duvessa freezes you. Duvessa barely misses you. Duvessa closely misses you.
Really walk into that dispersal trap?
You enter a dispersal trap!
Duvessa blinks! x3; You blink.
Duvessa hits you with a +0 rapier of freezing!
* * * LOW HITPOINT WARNING * * *
Duvessa freezes you.
You die...

##.#..#..##.####.###.###.#######*
.##..##..##.# #................,
##..###...#.# #####.####.###..>,
#..## #.#§#.# ##'## *.# *,***
..## #§#§#§# ##...##*.# *,* * .##
#§§§§§# ##§....##.###.*** )#
###§§## ##.......#.....,,,
.########...####.....§...##**,,,*
...............'@e.§.....'....,,,
..###.###...####.........##.##*,*
.#.##.# #..## ##.......##*,# *,,
.##.#.# #..# ##.....## *,***,,
.###..# #..# ##...## *,,,,,,
.##.#.# #..# ##'#### ******,
.#.##.# #..# #.....# *,
..###.###..# #..##.####****, .##
#......# #.........,,,,,


You could see Duvessa (berserk).

Vanquished Creatures
  2 water moccasin zombies (Ossuary)
  Dowan (D:4)
  A centaur zombie (Ossuary)
  3 bullfrog zombies (Ossuary)
  A bullfrog skeleton (D:4)
  Natasha (twice) (D:3)
  2 worker ants (D:4)
  A killer bee zombie (Ossuary)
  4 hound zombies (Ossuary)
  A hound skeleton (D:3)
  13 mummies
  3 worker ant zombies
  4 adders
  5 gnolls
  A howler monkey skeleton (D:4)
  An ooze (D:3)
  An adder skeleton (D:3)
  A worm (D:3)
  A dart slug (D:1)
  2 leopard geckos (D:3)
  9 orcs
  7 bats
  A giant cockroach (D:3)
  5 hobgoblins
  6 jackals (D:1)
  A quokka (D:3)
  5 frilled lizards
  10 goblins
  A jackal zombie (Ossuary)
  2 kobolds (D:2)
  A leopard gecko zombie (Ossuary)
  4 quokka zombies
  10 rats
112 creatures vanquished.

Vanquished Creatures (collateral kills)
  A dart slug (D:3)
1 creature vanquished.

Vanquished Creatures (others)
  14 withered plants
14 creatures vanquished.

Grand Total: 127 creatures vanquished

Notes
Turn   | Place    | Note
-------+----------+-------------------------------------------
     0 | D:1      | Brecoman the Gargoyle Earth Elementalist began the quest
                  | for the Orb.
     0 | D:1      | Reached XP level 1. HP: 10/10 MP: 3/3
   110 | D:1      | Reached XP level 2. HP: 12/15 MP: 0/5
   175 | D:1      | Reached skill level 1 in Transmutations
   322 | D:1      | Learned a level 2 spell: Passwall
   505 | D:1      | Found a broken altar of Ashenzari.
   529 | D:1      | Reached skill level 4 in Earth Magic
   532 | D:1      | Reached XP level 3. HP: 19/19 MP: 2/6
  1047 | D:2      | Found a blossoming altar of Fedhas.
  1159 | D:2      | Learned a level 3 spell: Stone Arrow
  1454 | D:2      | Reached skill level 1 in Conjurations
  1454 | D:2      | Reached XP level 4. HP: 23/24 MP: 2/7
  1926 | D:2      | Learned a level 1 spell: Animate Skeleton
  2078 | D:3      | Found an ornate altar of the Wu Jian Council.
  2593 | D:3      | Noticed Natasha
  2603 | D:3      | Killed Natasha
  2604 | D:3      | Reached XP level 5. HP: 28/28 MP: 5/9
  2942 | D:3      | Reached skill level 1 in Maces & Flails
  2985 | D:3      | Noticed Natasha
  2989 | D:3      | Killed Natasha
  3298 | D:3      | Found a sacrificial altar of Ru.
  3306 | D:3      | Became a worshipper of Ru the Awakened
  3414 | D:3      | Reached skill level 1 in Necromancy
  3428 | D:3      | Reached skill level 5 in Earth Magic
  3576 | D:3      | Found a runed translucent door.
  3588 | D:3      | Noticed Brecoman's ghost (amateur DrFE)
  3615 | D:3      | Reached XP level 6. HP: 26/32 MP: 7/10
  4083 | D:4      | Found Qekhlant's Armour Shop.
  4130 | D:4      | Found a sand-covered staircase.
  4233 | Ossuary  | Entered an ossuary
  4330 | Ossuary  | Reached XP level 7. HP: 14/36 MP: 5/12
  4871 | Ossuary  | Reached skill level 6 in Earth Magic
  5244 | D:4      | Noticed Dowan
  5389 | D:4      | Killed Dowan
  5390 | D:4      | Reached XP level 8. HP: 31/41 MP: 1/14
  5515 | D:4      | Gained mutation: You cannot be stealthy. [Ru sacrifice]
  5559 | D:4      | Noticed Duvessa
  5566 | D:4      | Slain by Duvessa

Illustrated notes

Levels and vault maps discovered:
D:1:      saegor_arrival_simple_d, layout_basic, minivault_26,
          corexii_corridor_pit, ashenzari_altar_1
D:2:      layout_basic, general_overflow_altar
D:3:      layout_loops_ring, lemuel_crystal_altar, serial_undead,
          serial_undead_b, serial_undead_b, serial_undead_a, serial_undead_d,
          serial_undead_c, serial_undead_b, serial_undead_c,
          ebering_ghost_sewer_d, nicolae_ru_path_of_blood, uniq_natasha
D:4:      layout_loops_corners, nicolae_ossuary_entry_giza, serial_shops,
          kennysheep_mini_moat, st_stairs_13, uniq_duvessa

Skill      XL: |  1  2  3  4  5  6  7  8 |
---------------+-------------------------+-----
Transmutations | 1 |  1.3
Earth Magic    | 4 5 6 |  6.2
Conjurations   | 1 2 3 |  3.9
Spellcasting   | 3 4 |  4.2
Maces & Flails | 1 2 3 |  3.2
Necromancy     | 1 2 |  2.6
Stealth        | 0 |  0.0
Fighting       | |  0.2
Dodging        | |  1.8

Action                   |  1- 3 |  4- 6 |  7- 9 || total
-------------------------+-------+-------+-------++-------
Melee: Unarmed           |    53 |    59 |       ||   112
       Short sword       |       |    22 |       ||    22
       Flail             |       |   144 |   135 ||   279
 Cast: Sandblast         |    30 |    24 |       ||    54
       Passwall          |     2 |       |       ||     2
       Animate Skeleton  |       |    14 |       ||    14
       Stone Arrow       |       |     4 |    15 ||    19
Invok: Sacrifice Stealth |       |       |     1 ||     1
Evoke: Wand              |       |    10 |     1 ||    11
  Use: Scroll            |       |     2 |    15 ||    17
       Potion            |       |       |     4 ||     4
 Stab: Sleeping          |     1 |     3 |       ||     4
       Invisible         |       |       |     4 ||     4
       Distracted        |       |       |     1 ||     1
Armor: Robe              |    39 |    71 |     5 ||   115
       Leather armour    |       |    33 |    87 ||   120
Dodge: Dodged            |    52 |   188 |   120 ||   360
